 Dungeon Crawl Stone Soup version 0.25-a0-420-g1cc7eeb0d1 (webtiles) character file.

Game seed: 15982229215763169457, levelgen mode: deterministic

167269 Borgoz the Warrior (level 17, -8/118 HPs)
             Began as a Gargoyle Berserker on Jan 17, 2020.
             Was a High Priest of Trog.
             Killed by the air
             ... invoked by a wind drake
              (25 damage)
             ... on level 4 of the Shoals on Jan 18, 2020.
             The game lasted 01:11:27 (29676 turns).

Borgoz the Warrior (Gargoyle Berserker)            Turns: 29676, Time: 01:11:28

Health: -8/118     AC: 48    Str: 32    XL:     17   Next: 92%
Magic:  17/17      EV: 14    Int: 12    God:    Trog [*****.]
Gold:   3572       SH:  0    Dex: 14    Spells: 16/16 levels left

rFire    + . .     SeeInvis +   a - +11 great mace of Await {vorpal, rPois}
rCold    . . .     Gourm    .   (shield currently unavailable)
rNeg     + . .     Faith    .   p - +0 crystal plate armour
rPois    ∞         Spirit   .   g - +2 hat
rElec    +         Reflect  .   G - +0 cloak "Alooq" {rPois Str+3 Int+3 SInv}
rCorr    .         Harm     .   s - +2 pair of gloves {Dex+3}
MR       +....                  v - +1 pair of boots
Stlth    ..........             q - amulet of regeneration
HPRegen  0.69/turn              u - +4 ring of strength
MPRegen  0.15/turn              x - ring of protection from fire

@: about to teleport, berserk cooldown, flying, mesmerised, studying Maces &
Flails
A: big wings, negative energy resistance 1, electricity resistance, unbreathing,
petrification resistance, rot immunity, AC +12
a: Stop Flying, Berserk, Trog's Hand, Brothers in Arms, Renounce Religion


You were on level 4 of the Shoals.
You worshipped Trog.
Trog was extremely pleased with you.
You were not hungry.

You visited 4 branches of the dungeon, and saw 27 of its levels.
You visited the Abyss 1 time.
You also visited: Sewer, Ice Cave and Volcano.

You collected 8191 gold pieces.
You spent 4619 gold pieces at shops.

Inventory:

Hand Weapons
 a - the +11 great mace of Await (weapon) {vorpal, rPois}
   (Trog gifted it to you on level 11 of the Dungeon)

   It inflicts extra damage upon your enemies.
   It protects you from poison.
Missiles
 L - 4 throwing nets (quivered)
Armour
 g - a +2 hat (worn)
 m - a +0 shield of reflection
 p - a +0 crystal plate armour (worn)
 s - a +2 pair of gloves of dexterity (worn)
 v - a +1 pair of boots (worn)
 G - the +0 cloak "Alooq" (worn) {rPois Str+3 Int+3 SInv}
   (You bought it in a shop on level 11 of the Dungeon)

   It affects your strength (+3).
   It affects your intelligence (+3).
   It protects you from poison.
   It lets you see invisible.
Jewellery
 q - an amulet of regeneration (around neck)
 u - a +4 ring of strength (left hand)
 x - a ring of protection from fire (right hand)
Wands
 f - a wand of digging (5)
 h - a wand of paralysis (41)
 l - a wand of scattershot (2)
 n - a wand of acid (12)
 o - a wand of iceblast (2)
 D - a wand of disintegration (12)
Scrolls
 d - 12 scrolls of teleportation
 i - a scroll of enchant weapon
 j - 12 scrolls of remove curse
 r - 7 scrolls of identify
 t - 6 scrolls of magic mapping
 w - 3 scrolls of fear
 y - a scroll of fog
 B - 2 scrolls of holy word
 E - 7 scrolls of blinking
 H - 2 scrolls of immolation
Potions
 b - a potion of haste
 e - 13 potions of curing
 k - 3 potions of might
 z - 7 potions of berserk rage
 A - a potion of invisibility
 C - 2 potions of ambrosia
 F - a potion of agility
 I - a potion of heal wounds
 K - 4 potions of resistance
Books
 J - a manual of Maces & Flails
Comestibles
 c - 36 rations


   Skills:
 * Level 17.4 Fighting
 + Level 16.0 Maces & Flails
 * Level 17.3 Armour
 * Level 14.3 Dodging


You had 16 spell levels left.
You didn't know any spells.
Your spell library was empty.

Dungeon Overview and Level Annotations

Branches:
Dungeon (15/15)            Temple (0/1) D:7            Lair (6/6) D:8
 Shoals (4/4) Lair:4       Spider (0/4) Lair:2        Slime (0/5) Lair:6
    Orc (2/2) D:11            Elf (0/3) Orc:2        Vaults (0/5) D:13
 Depths (0/5) D:15          Sewer (visited)           IceCv (visited)
Volcano (visited)

Altars:
Dithmenos
Elyvilon
Fedhas
Gozag
Kikubaaqudgha
Makhleb
Okawaru
Qazlal
Trog
Uskayaw
Xom
Yredelemnul
The Shining One
Beogh
Jiyva

Shops:
D:10 *   D:11 [   Orc:2 }[[??   Shoals:1 *   Shoals:3 *


Innate Abilities, Weirdness & Mutations

You are resistant to torment.
Your stone body is resilient. (AC +12)
You are immune to poison.
Your large and strong wings let you fly indefinitely.
You resist negative energy. (rN+)
You are resistant to electric shocks. (rElec)
You can survive without breathing.
You are immune to petrification.
You are immune to rotting.


Message History

The merfolk hits you from afar with a +0 trident!
* * * LOW HITPOINT WARNING * * *
The merfolk throws a boomerang.
The boomerang misses you.
The weapon returns to the merfolk!
The merfolk javelineer hits you but does no damage.
The merfolk impaler completely misses you.
The sea snake bites you but does no damage.
The sea snake closely misses you.
The merfolk siren chants its luring song.
The snapping turtle barely misses you. The merfolk impaler closely misses you.
The merfolk impaler hits you but does no damage.
You're too hungry.
You eat one of the 37 rations.
That ration really hit the spot!
The merfolk javelineer barely misses you.
The merfolk hits you but does no damage. x2
The sea snake bites you!
* * * LOW HITPOINT WARNING * * *
The wind drake flaps its wings at you.
The air twists around and violently strikes you in flight!!
You die...

≈≈≈≈≈≈≈≈≈≈≈≈≈≈≈≈≈≈≈≈≈≈≈..≈≈≈≈≈≈≈≈
≈≈≈≈≈≈≈≈≈≈≈≈≈≈≈≈≈≈≈≈.m.....≈≈≈≈≈≈
≈≈≈≈≈≈≈≈≈≈m≈≈≈≈≈≈≈≈.........≈≈≈≈≈
≈≈≈≈≈≈≈≈≈≈m≈≈≈≈≈≈≈≈..........≈≈≈≈
≈≈≈≈≈≈≈m≈kt≈m≈≈≈≈≈....... .≈≈≈≈
≈≈≈≈≈≈≈≈≈≈≈≈≈≈≈≈≈≈≈.###. ).≈≈≈
≈m≈≈≈≈≈≈≈≈≈≈≈mmmmm(.# ...≈≈
≈≈≈≈≈≈≈≈≈≈≈≈≈mtS≈(### ≈...≈
##≈≈≈≈≈≈≈≈m≈mtmS@≈# ....≈
#≈m≈≈≈≈≈≈≈≈m≈m≈≈≈# #...≈
#≈≈≈≈≈≈...m≈≈t≈≈≈(# #....
#≈≈m≈.........≈≈≈≈## #....
##≈≈......m.....≈≈≈ #....
#≈.m...........$≈## ≈....
.........≈m ....≈ .....$...≈≈≈
...≈≈ ...≈≈


You could see an alligator snapping turtle, 7 merfolk impalers, 2 merfolk
javelineers, 2 sea snakes, 3 snapping turtles, a wind drake, 7 merfolk, a
merfolk siren and a water nymph.

Vanquished Creatures
  A tentacled starspawn (Abyss:2)
  Kirke (D:15)
  Donald (Orc:2)
  Louise (D:14)
  The ghost of LostGamesStreakFreak the Spry, a journeyman MfGl of Dithmenos (Lair:4)
  Nessos (D:12)
  Azrael (D:12)
  A death ooze (Lair:4)
  An ettin (D:15)
  2 merfolk impalers
  Snorg (D:14)
  2 merfolk javelineers (Shoals:3)
  Erolcha (Orc:1)
  A rakshasa (Abyss:2)
  7 hydras
  Erica (D:9)
  2 ice dragons (IceCv)
  7 centaur warriors
  A merfolk aquamancer (Shoals:1)
  3 merfolk avatars
  5 two-headed ogres
  2 dancing weapons (D:13)
  A death yak (D:13)
  An alligator snapping turtle (Shoals:1)
  3 ogre magi
  2 satyrs (Shoals:2)
  A thrashing horror (Abyss:2)
  A hell knight (Volcano)
  Sonja (Lair:5)
  A wretched star (Abyss:2)
  A shadow wraith (Abyss:2)
  10 skeletal warriors
  A slime creature (Lair:4)
  A deep troll (shapeshifter) (D:15)
  2 large abominations (Abyss:2)
  3 unseen horrors
  11 sea snakes
  A salamander mystic (Volcano)
  Pikel (D:5)
  13 harpies
  4 orc knights (Orc:2)
  A wizard (D:15)
  21 ugly things
  3 orc sorcerers
  4 deep elf magi
  8 cyclopes
  13 fauns
  10 manticores
  9 salamanders (Volcano)
  13 elephants
  8 merfolk sirens
  2 gargoyles
  Psyche (D:12)
  Joseph (D:7)
  11 black mambas
  7 water nymphs
  2 ice statues (IceCv)
  A torpor snail (Lair:4)
  16 spiny frogs
  4 komodo dragons
  2 centaur skeletons
  2 rime drakes (IceCv)
  A yaktaur (D:15)
  2 ice devils (D:13)
  6 trolls
  A meliai (shapeshifter) (D:14)
  2 jumping spiders (Lair:2)
  22 merfolk
  Prince Ribbit (D:9)
  8 hornets
  11 polar bears
  A queen bee (Lair:1)
  4 wind drakes
  14 hippogriffs
  9 snapping turtles
  4 dream sheep (Lair:5)
  A hippogriff (shapeshifter) (Abyss:2)
  3 redbacks (Lair:2)
  14 spriggans
  5 water elementals
  2 wyverns
  3 shadows
  A yak (shapeshifter) (D:15)
  3 small abominations (Abyss:2)
  3 fire elementals (D:12)
  5 basilisks
  7 hogs
  3 hungry ghosts
  A steam dragon (D:10)
  42 yaks
  Grum (D:9)
  8 wargs
  3 vampire mosquitoes (D:15)
  2 acid dragons
  4 hell hounds (D:12)
  16 water moccasins
  9 porcupines
  39 orc warriors
  2 sky beasts
  3 slaves (D:5)
  2 black bears
  17 ice beasts
  3 necrophages
  3 boggarts (Lair:6)
  7 ogres
  An eye of draining (D:15)
  23 centaurs
  48 wolves
  6 big kobolds
  14 crocodiles
  16 bullfrogs
  A water moccasin zombie (D:8)
  3 scorpions
  8 killer bees
  10 wights (D:8)
  2 vampire bats (D:5)
  7 jellies
  4 electric eels
  3 howler monkeys
  11 crimson imps
  2 bullfrog zombies (D:5)
  6 starcursed masses (Abyss:2)
  6 centaur zombies
  Crazy Yiuf (D:2)
  A gnoll shaman (D:7)
  7 hounds
  12 orc priests
  29 orc wizards
  3 iguanas
  Terence (D:3)
  2 worker ants
  A killer bee zombie (D:5)
  A bullfrog simulacrum (D:13)
  A hound skeleton (D:8)
  A hound zombie (D:8)
  Robin (D:3)
  A worker ant zombie (D:9)
  13 gnolls
  4 river rats (D:3)
  18 adders
  A shadow imp (D:8)
  A white imp (D:13)
  3 ufetubi
  2 adder skeletons
  7 worms
  2 dart slugs (D:1)
  12 leopard geckos
  82 orcs
  4 bat skeletons (D:5)
  9 giant cockroaches
  13 goblins
  9 hobgoblins
  11 jackals
  51 kobolds
  6 quokkas
  2 ball pythons (Sewer)
  5 bats
  13 frilled lizards
  3 rats (D:1)
  A fungus (D:2)
1045 creatures vanquished.

Vanquished Creatures (collateral kills)
  The ghost of Killmatronix the Thrower, a journeyman BaHu of Okawaru (Lair:1)
  2 killer bees (Lair:1)
  A starspawn tentacle (Abyss:2)
4 creatures vanquished.

Vanquished Creatures (others)
  A bat skeleton (D:5)
  19 fungi
  5 plants
  3 starspawn tentacles (Abyss:2)
28 creatures vanquished.

Grand Total: 1077 creatures vanquished

Notes
Turn   | Place    | Note
-------+----------+-------------------------------------------
     0 | D:1      | Borgoz the Gargoyle Berserker began the quest for the Orb.
     0 | D:1      | Reached XP level 1. HP: 14/14 MP: 1/1
   111 | D:1      | Reached XP level 2. HP: 11/19 MP: 2/2
   434 | D:1      | Reached XP level 3. HP: 23/23 MP: 3/3
   499 | D:1      | Reached ** piety under Trog
  1093 | D:2      | Found an opulent altar of Gozag.
  1239 | D:2      | Found a glowing golden altar of the Shining One.
  1631 | D:2      | Found a basalt altar of Yredelemnul.
  1633 | D:2      | Reached XP level 4. HP: 28/28 MP: 4/4
  1634 | D:2      | Noticed a profane servitor
  1729 | D:2      | Found a runed translucent door.
  1730 | D:2      | Noticed Crazy Yiuf
  1737 | D:2      | Killed Crazy Yiuf
  1848 | D:3      | Found a blossoming altar of Fedhas.
  1872 | D:3      | Noticed Terence
  1877 | D:3      | Killed Terence
  1924 | D:3      | Reached XP level 5. HP: 33/33 MP: 5/5
  1991 | D:3      | Found a glowing drain.
  2005 | Sewer    | Entered a sewer
  2255 | Sewer    | Reached *** piety under Trog
  2386 | Sewer    | Reached XP level 6. HP: 38/38 MP: 6/6
  2848 | D:3      | Reached skill level 5 in Maces & Flails
  2848 | D:3      | Reached XP level 7. HP: 9/44 MP: 7/7
  3318 | D:3      | Noticed Robin
  3337 | D:3      | Killed Robin
  4131 | D:4      | Found a shadowy altar of Dithmenos.
  4345 | D:4      | Reached **** piety under Trog
  4934 | D:5      | Entered Level 5 of the Dungeon
  5245 | D:5      | Reached skill level 5 in Fighting
  5288 | D:5      | Found a white marble altar of Elyvilon.
  5333 | D:5      | Reached XP level 8. HP: 41/49 MP: 8/8
  5342 | D:5      | Found a stormy altar of Qazlal.
  5409 | D:5      | HP: 1/49 [orc warrior/+0 war axe (12)]
  5414 | D:5      | Noticed Pikel
  5783 | D:5      | Reached skill level 5 in Dodging
  5787 | D:5      | Found a shimmering altar of Xom.
  5879 | D:5      | Reached skill level 5 in Armour
  6413 | D:5      | Killed Pikel
  6413 | D:5      | Reached XP level 9. HP: 27/55 MP: 9/9
  6480 | D:5      | Found an ancient bone altar of Kikubaaqudgha.
  7532 | D:6      | Reached ***** piety under Trog
  7532 | D:6      | Received a gift from Trog
  8019 | D:7      | Noticed Joseph
  8035 | D:7      | Killed Joseph
  8234 | D:7      | Reached XP level 10. HP: 63/63 MP: 10/10
  8276 | D:7      | Found a staircase to the Ecumenical Temple.
  8280 | D:7      | Received a gift from Trog
  8447 | D:7      | Noticed a deep elf mage
  8453 | D:7      | Killed a deep elf mage
  8561 | D:8      | Reached skill level 10 in Maces & Flails
  8749 | D:8      | Found a staircase to the Lair.
  8962 | D:8      | Received a gift from Trog
  9188 | D:8      | Found a burning altar of Makhleb.
  9369 | D:9      | Noticed Erica
  9404 | D:9      | Killed Erica
  9423 | D:9      | Reached XP level 11. HP: 36/71 MP: 11/11
  9468 | D:9      | Noticed Grum
  9478 | D:9      | Killed Grum
  9499 | D:9      | Noticed a two-headed ogre
  9508 | D:9      | Killed a two-headed ogre
  9586 | D:9      | Found a hide-covered altar of Uskayaw.
  9606 | D:9      | Noticed Prince Ribbit
  9616 | D:9      | Killed Prince Ribbit
  9765 | D:9      | Found a bloodstained altar of Trog.
  9801 | D:9      | Found a shadowy altar of Dithmenos.
  9992 | D:10     | Entered Level 10 of the Dungeon
 10240 | D:10     | Found Lenass's General Store.
 10257 | D:10     | Bought a cursed ring of protection from fire for 308 gold
                  | pieces
 10257 | D:10     | Bought a scroll of identify for 28 gold pieces
 10396 | D:10     | Noticed a manticore
 10413 | D:10     | Killed a manticore
 10723 | D:11     | Noticed a six-headed hydra
 10730 | D:11     | Killed a six-headed hydra
 10781 | D:11     | Killed an unseen horror
 10781 | D:11     | Reached skill level 10 in Fighting
 10818 | D:11     | Found an iron altar of Okawaru.
 10840 | D:11     | Noticed a two-headed ogre
 10847 | D:11     | Killed a two-headed ogre
 10911 | D:11     | Noticed a six-headed hydra
 10917 | D:11     | Killed a six-headed hydra
 10917 | D:11     | Reached skill level 10 in Armour
 10958 | D:11     | Found Jyasuxu's Antique Armour Shop.
 10968 | D:11     | Bought a crude cloak for 218 gold pieces
 10968 | D:11     | Bought a scorched ring mail for 207 gold pieces
 10978 | D:11     | Identified the +0 cloak "Alooq" {rPois Str+3 Int+3 SInv}
                  | (You bought it in a shop on level 11 of the Dungeon)
 10989 | D:11     | Identified the cursed +0 ring mail of the Land of Plenty
                  | {Int+7} (You bought it in a shop on level 11 of the
                  | Dungeon)
 11144 | D:11     | Found a staircase to the Orcish Mines.
 11291 | D:11     | Received a gift from Trog
 11298 | D:11     | Got a jewelled great mace {god gift}
 11299 | D:11     | Identified the +11 great mace of Await {vorpal, rPois}
                  | (Trog gifted it to you on level 11 of the Dungeon)
 11334 | D:11     | Reached XP level 12. HP: 78/78 MP: 12/12
 11754 | D:12     | Noticed Nessos
 11764 | D:12     | Killed Nessos
 11781 | D:12     | Noticed Azrael
 12068 | D:12     | Noticed Psyche
 12068 | D:12     | Noticed a six-headed hydra
 12073 | D:12     | Killed a six-headed hydra
 12075 | D:12     | Killed Psyche
 12115 | D:12     | Killed Azrael
 12541 | D:13     | Noticed an ogre mage
 12546 | D:13     | Killed an ogre mage
 12650 | D:13     | Found a frozen archway.
 12681 | IceCv    | Entered an ice cave
 12691 | IceCv    | Received a gift from Trog
 12858 | IceCv    | Reached skill level 10 in Dodging
 12922 | IceCv    | Reached XP level 13. HP: 85/85 MP: 13/13
 13250 | IceCv    | Noticed an ice dragon
 13250 | IceCv    | Noticed an ice dragon
 13259 | IceCv    | Killed an ice dragon
 13264 | IceCv    | Killed an ice dragon
 14044 | D:13     | Found a gate to the Vaults.
 14496 | D:13     | Received a gift from Trog
 14879 | D:11     | Bought a pair of runed boots for 172 gold pieces
 14879 | D:11     | Bought a steaming scale mail for 207 gold pieces
 14879 | D:11     | Bought a distressingly furry cloak for 218 gold pieces
 14894 | D:11     | Identified the +2 scale mail of Feoleimi {+Blink rN++
                  | Dex+3} (You bought it in a shop on level 11 of the Dungeon)
 14904 | D:11     | Identified the +0 cloak of Nemelex Xobeh's Regard {*Drain
                  | rElec rF+ Stlth+} (You bought it in a shop on level 11 of
                  | the Dungeon)
 15014 | Lair:1   | Entered Level 1 of the Lair of Beasts
 15313 | D:14     | Gained mutation: Your large and strong wings let you fly
                  | indefinitely. [Gargoyle growth]
 15313 | D:14     | Reached XP level 14. HP: 94/94 MP: 14/14
 15399 | D:14     | Noticed Louise
 15407 | D:14     | Cast into level 2 of the Abyss (Louise)
 15441 | Abyss:2  | Noticed a tentacled starspawn
 15452 | Abyss:2  | Killed a tentacled starspawn
 15517 | Abyss:2  | Got an encrusted whip
 15518 | Abyss:2  | Identified the +4 whip of Impeachment {vorpal, rPois MP+9
                  | Dex+2 Stlth-} (You found it on level 2 of the Abyss)
 15540 | Abyss:2  | Noticed a starcursed mass
 15828 | D:14     | Escaped the Abyss
 15846 | D:14     | Killed Louise
 15910 | D:14     | Noticed Snorg
 15928 | D:14     | Killed Snorg
 16521 | D:15     | Entered Level 15 of the Dungeon
 16521 | D:15     | Noticed Kirke
 16545 | D:14     | HP: 3/96 [hog[Kirke] (8)]
 16922 | D:15     | Killed Kirke
 17048 | D:15     | Reached XP level 15. HP: 85/101 MP: 15/15
 17172 | D:15     | Found a staircase to the Depths.
 17527 | D:15     | Received a gift from Trog
 18149 | Lair:1   | Noticed Killmatronix's ghost (journeyman BaHu)
 18150 | Lair:1   | Found a transporter.
 18153 | Lair:1   | Found a transporter.
 18321 | Lair:1   | Reached skill level 15 in Fighting
 18542 | Lair:1   | Killed Killmatronix's ghost
 18572 | Lair:1   | Got a warped chain mail
 18578 | Lair:1   | Identified the +6 chain mail of Fun {rF+ MR- Str-4 Dex+8}
                  | (You found it on level 1 of the Lair of Beasts)
 18959 | Lair:2   | Found a hole to the Spider Nest.
 19714 | Lair:3   | Reached skill level 15 in Armour
 20460 | Lair:4   | Received a gift from Trog
 20484 | Lair:4   | Found a staircase to the Shoals.
 20785 | Lair:4   | Found a runed translucent gate.
 20785 | Lair:4   | Found a runed translucent gate.
 20785 | Lair:4   | Found a runed translucent gate.
 20786 | Lair:4   | Noticed LostGamesStreakFreak's ghost (journeyman MfGl)
 20797 | Lair:4   | Found a viscous altar of Jiyva.
 20829 | Lair:4   | Killed LostGamesStreakFreak's ghost
 21533 | Lair:5   | Noticed Sonja
 21538 | Lair:5   | Reached skill level 15 in Maces & Flails
 21993 | Lair:5   | Killed Sonja
 21993 | Lair:5   | Reached XP level 16. HP: 93/108 MP: 16/16
 22045 | Lair:5   | Upgraded the game from 0.25-a0-419-g7650d0de75 to
                  | 0.25-a0-420-g1cc7eeb0d1
 22178 | Lair:5   | Received a gift from Trog
 22704 | Lair:6   | Entered Level 6 of the Lair of Beasts
 22780 | Lair:6   | Found a staircase to the Slime Pits.
 22781 | Lair:6   | Found a viscous altar of Jiyva.
 22955 | Lair:6   | Received a gift from Trog
 24338 | Orc:1    | Entered Level 1 of the Orcish Mines
 24354 | Orc:1    | Received a gift from Trog
 24372 | Orc:1    | Found a dark tunnel.
 24393 | Volcano  | Entered a volcano
 24536 | Orc:1    | Noticed Erolcha
 24550 | Orc:1    | Killed Erolcha
 24935 | Orc:2    | Entered Level 2 of the Orcish Mines
 24935 | Orc:2    | Found a staircase to the Elven Halls.
 24989 | Orc:2    | Found a roughly hewn altar of Beogh.
 25639 | Orc:2    | Received a gift from Trog
 25757 | Orc:2    | Noticed Donald
 25823 | Orc:2    | Killed Donald
 26162 | Orc:2    | Found Eplaesam's Gadget Boutique.
 26177 | Orc:2    | Reached XP level 17. HP: 105/116 MP: 17/17
 26370 | Orc:2    | Found Vocrexe's Armour Boutique.
 26370 | Orc:2    | Found Beacwiab's Magic Scroll Emporium.
 26370 | Orc:2    | Found Mosarel's Magic Scroll Shoppe.
 26373 | Orc:2    | Found Oskew's Armour Shop.
 26604 | Orc:2    | Bought a +1 pair of gloves of dexterity for 280 gold pieces
 26618 | Orc:2    | Bought a scroll of acquirement for 728 gold pieces
 26618 | Orc:2    | Bought a scroll of acquirement for 728 gold pieces
 26625 | Orc:2    | Bought a scroll of teleportation for 51 gold pieces
 26625 | Orc:2    | Bought a scroll of blinking for 127 gold pieces
 26625 | Orc:2    | Bought a scroll of blinking for 127 gold pieces
 26625 | Orc:2    | Bought a scroll of holy word for 127 gold pieces
 26627 | Orc:2    | Bought a scroll of blinking for 105 gold pieces
 26890 | Shoals:1 | Entered Level 1 of the Shoals
 27045 | Shoals:1 | Found Ehinydug's Island Escapes.
 27053 | Shoals:1 | Received a gift from Trog
 28083 | Shoals:2 | Received a gift from Trog
 28667 | Shoals:3 | Found Lyrul's General Store.
 28675 | Shoals:3 | Bought a scroll of acquirement for 988 gold pieces
 28873 | Shoals:3 | Identified the -2 pair of boots of the Orb Guardian {SInv}
                  | (You acquired it on level 3 of the Shoals)
 28873 | Shoals:3 | Identified the amulet "Feckes" {Acrobat Dex+9} (You
                  | acquired it on level 3 of the Shoals)
 28987 | Shoals:3 | Received a gift from Trog
 29506 | Shoals:4 | Entered Level 4 of the Shoals
 29676 | Shoals:4 | Killed from afar by a wind drake

Levels and vault maps discovered:
D:1:      minmay_arrival_open_corners, layout_basic
D:2:      layout_basic, grunt_temple_overflow_holy_war, grunt_gozag_breadcrumbs,
          uniq_crazy_yiuf_cottage
D:3:      layout_loops_ring, lemuel_crystal_altar, lightli_sewer_entry_pipes,
          uniq_robin, uniq_terence
D:4:      layout_basic, grunt_dithmenos_smoke_and_mirrors, first_ration
D:5:      layout_loops_cross, overflow_temple_1_default, elyvilon_altar_1,
          kennysheep_vampire_church, grunt_qazlal_clouds, minmay_manual_mess,
          uniq_pikel
D:6:      minmay_goblin_kobold_castle, layout_layer_cave, minmay_crystal_room,
          moated_statue
D:7:      layout_rooms, minmay_temple_entry_offerings,
          guppyfry_early_elven_hall, uniq_joseph
D:8:      layout_cave_pods, makhleb_blood_cavern_becter,
          erik_lair_orcish_takeover, nrook_mini_vaults
D:9:      layout_basic, kennysheep_mini_moat, kennysheep_mini,
          lemuel_statue_altar, uniq_erica, uniq_prince_ribbit1, uniq_grum
D:10:     layout_grid_maze, serial_shops, shop
D:11:     layout_rooms, david_orc_4, serial_shops, shop, basic_altar
D:12:     layout_roguey, kennysheep_flooded_box, uniq_nessos, uniq_azrael,
          uniq_psyche
D:13:     layout_loops_corners, erik_vaults_1, serial_ice, serial_ice_b,
          serial_ice_a, serial_ice_m, serial_ice_o,
          portal_ice_cave_demonic_guard, hangedman_stone_soup,
          lightli_fourway_metalbox
D:14:     layout_loops_ring, uniq_snorg, uniq_louise
D:15:     hangedman_depths_entry_civil_slaughter, layout_irregular_city,
          uniq_kirke
Lair:1:   layout_regular_city, gammafunk_ghost_hive, cheibrodos_lair_lostbears,
          infiniplex_staircase_pool, grunt_megastairs_4
Lair:2:   layout_cave_pods, spider_nest_entry_a, chequers_serial_rivers_room_b,
          chequers_serial_rivers_micro_b, st_stairs_9, serial_bayou_shore_a
Lair:3:   layout_regular_city
Lair:4:   layout_cave_pods, shoals_dummy_entry, gammafunk_ghost_ooze,
          grunt_megastairs_5
Lair:5:   beast_lair_carwin_large_4, layout_loops_ring,
          grunt_forest_stairs_clearing, uniq_sonja
Lair:6:   minmay_lair_end_enchanted_forest, layout_gridlike, slime_altar_1
Shoals:1: layout_shoals, nicolae_island_escapes
Shoals:2: layout_shoals
Shoals:3: layout_shoals, serial_shops, shop
Shoals:4: shoals_end_grunt_ice, layout_shoals, serial_shops, nicolae_shop_trees
Orc:1:    layout_caves, nicolae_volcano_entry_hallway, uniq_erolcha
Orc:2:    st_orc_rangers, layout_caves, serial_shops, shop, mines1_david,
          uniq_donald

Skill      XL: |  1  2  3  4  5  6  7  8  9 10 11 12 13 14 15 16 17 |
---------------+----------------------------------------------------+-----
Dodging        | 2 3 4 5 6 7 9 10 11 12 13 14 | 14.3
Maces & Flails | 4 5 6 8 9 10 11 12 13 14 15 16 | 16.0
Armour         | 3 4 5 6 8 10 11 13 14 15 16 17 | 17.3
Fighting       | 4 5 6 7 9 10 11 13 14 15 16 17 | 17.4

Action                   |  1- 3 |  4- 6 |  7- 9 | 10-12 | 13-15 | 16-18 || total
-------------------------+-------+-------+-------+-------+-------+-------++-------
Melee: Mace              |   113 |   242 |   102 |       |       |       ||   457
       Flail             |       |       |   458 |       |       |       ||   458
       Dire flail        |       |       |   112 |   392 |       |       ||   504
       Great mace        |       |       |       |   126 |   796 |  1049 ||  1971
       Unarmed           |       |       |       |       |     5 |       ||     5
Invok: Berserk           |     2 |     4 |     6 |     5 |     7 |     2 ||    26
       Trog's Hand       |       |       |     1 |     4 |     7 |       ||    12
       Brothers in Arms  |       |       |       |       |     5 |     1 ||     6
Evoke: Wand              |       |       |       |     6 |     8 |       ||    14
  Use: Scroll            |       |     2 |     9 |    12 |     9 |    13 ||    45
       Potion            |       |       |     2 |     4 |     1 |     2 ||     9
 Stab: Distracted        |       |       |       |       |     1 |       ||     1
  Eat: Chunk             |     3 |     9 |    18 |    17 |    32 |    26 ||   105
       Ration            |       |       |     2 |     1 |     4 |     1 ||     8
Armor: Animal skin       |    48 |       |       |       |       |       ||    48
       Scale mail        |       |   165 |   409 |       |       |       ||   574
       Crystal plate arm |       |       |    17 |   278 |   671 |  1322 ||  2288
       Ring mail         |       |       |       |   105 |     6 |       ||   111
Dodge: Dodged            |    94 |   163 |   504 |   413 |   535 |  1050 ||  2759

Table legend:
 A = Non-vault XP
 B = Vault XP
 C = Vault XP percentage of total XP
 D = Non-vault monster count
 E = Vault monster count
 F = Vault count percentage of total count
                 A         B        C        D         E       F
            +---------+---------+-------+---------+---------+-------
      Total |  163008 |   75949 |  31.8 |     681 |     363 |  34.8
            +---------+---------+-------+---------+---------+-------
        D:1 |      43 |       0 |   0.0 |      22 |       0 |   0.0
        D:2 |      40 |      42 |  51.2 |      14 |       1 |   6.7
        D:3 |     174 |     178 |  50.6 |      14 |      24 |  63.2
        D:4 |     284 |       0 |   0.0 |      13 |       0 |   0.0
        D:5 |     917 |    1065 |  53.7 |      33 |      12 |  26.7
        D:6 |     311 |     593 |  65.6 |       7 |      53 |  88.3
        D:7 |     632 |     974 |  60.6 |      22 |       2 |   8.3
        D:8 |    1602 |     768 |  32.4 |      35 |      10 |  22.2
        D:9 |    2412 |    1669 |  40.9 |      12 |       5 |  29.4
       D:10 |     992 |       0 |   0.0 |       8 |       0 |   0.0
       D:11 |    4868 |     712 |  12.8 |      19 |      13 |  40.6
       D:12 |    4302 |    4229 |  49.6 |      24 |      10 |  29.4
       D:13 |   11233 |    6709 |  37.4 |      37 |      21 |  36.2
       D:14 |   15192 |    3103 |  17.0 |      32 |       4 |  11.1
       D:15 |   18922 |    8461 |  30.9 |      46 |      12 |  20.7
     Lair:1 |    3195 |    2949 |  48.0 |      17 |      13 |  43.3
     Lair:2 |    1419 |    1269 |  47.2 |      10 |       5 |  33.3
     Lair:3 |    1530 |       0 |   0.0 |       5 |       0 |   0.0
     Lair:4 |    6749 |    3732 |  35.6 |      29 |      12 |  29.3
     Lair:5 |    9560 |    5702 |  37.4 |      26 |      21 |  44.7
     Lair:6 |   13721 |    8462 |  38.1 |      53 |      46 |  46.5
   Shoals:1 |   16892 |       0 |   0.0 |      35 |       0 |   0.0
   Shoals:2 |   21331 |       0 |   0.0 |      44 |       0 |   0.0
   Shoals:3 |   12595 |       0 |   0.0 |      25 |       0 |   0.0
   Shoals:4 |    1052 |    4651 |  81.6 |       2 |       9 |  81.8
      Orc:1 |    3108 |    1033 |  24.9 |      40 |       1 |   2.4
      Orc:2 |    2085 |    7940 |  79.2 |      39 |      38 |  49.4
    Abyss:2 |    7847 |       0 |   0.0 |      18 |       0 |   0.0
      Sewer |       0 |     239 | 100.0 |       0 |      20 | 100.0
      IceCv |       0 |    5381 | 100.0 |       0 |      20 | 100.0
    Volcano |       0 |    6088 | 100.0 |       0 |      11 | 100.0
            +---------+---------+-------+---------+---------+-------
